 Dungeon Crawl Stone Soup version 0.17-a0-1245-g990a8d8 (webtiles) character file.

506 ololoev the Stinger (level 7, -2/46 HPs)
             Began as a Formicid Venom Mage on June 5, 2015.
             Slain by an orc
             ... wielding a +0 flail
              (6 damage)
             ... on level 4 of the Dungeon.
             The game lasted 00:12:30 (4533 turns).

ololoev the Stinger (Formicid Venom Mage)           Turns: 4533, Time: 00:12:31

Health: -2/46      AC:  3    Str: 17    XL:     7   Next: 41%
Magic:  5/13       EV: 12    Int: 19    God:
Gold:   241        SH:  0    Dex: 11    Spells: 3 memorised, 5 levels left

rFire  . . .     SeeInvis +     e - +0 dagger
rCold  . . .     Clarity  .     a - +0 robe
rNeg   . . .     SustAt   .     (no shield)
rPois  +         Gourm    .     (helmet unavailable)
rElec  .         Spirit   .     (no cloak)
rCorr  .         Warding  .     i - +0 pair of gloves
rMut   .         Stasis   +     (no boots)
MR     .....                    (no amulet)
Stlth  ++........               k - +2 ring of intelligence
                                l - ring of poison resistance

@: mighty, not resistant to hostile enchantments, unstealthy
A: permanent stasis, dig shafts and tunnels, four strong arms, antennae 3
a: Dig, Shaft Self


Innate Abilities, Weirdness & Mutations

You are under a permanent stasis effect.
You can dig through walls and to a lower floor.
Your four strong arms can wield two-handed weapons with a shield.
You have a pair of large antennae on your head (SInv).

Inventory:

Hand weapons
 e - a +0 dagger (weapon)
 s - a +0 battleaxe
Armour
 a - a +0 robe (worn)
 i - a +0 pair of gloves (worn)
Jewellery
 k - a +2 ring of intelligence (right hand)
 l - a ring of poison resistance (left hand)
Scrolls
 c - a scroll of random uselessness {unknown}
 f - a scroll of remove curse {unknown}
 g - a scroll of enchant weapon {unknown}
 h - a scroll of recharging
 m - a scroll of magic mapping
 q - 2 scrolls of teleportation {unknown}
Potions
 p - a potion of curing
 r - a potion of magic
Books
 b - a Young Poisoner's Handbook

   Spells                             Type                      Level
   a - Sting                          Conjuration/Poison           1
   b - Cure Poison                    Poison                       2
   c - Mephitic Cloud                 Conjuration/Poison/Air       3
   d - Olgreb's Toxic Radiance        Poison                       4
   e - Venom Bolt                     Conjuration/Poison           5
Comestibles
 n - a beef jerky


   Skills:
 - Level 1.7 Dodging
 - Level 2.4 Stealth
 + Level 4.1 Spellcasting
 * Level 4.7 Conjurations
 + Level 6.9 Poison Magic


You had 5 spell levels left.
You knew the following spells:

 Your Spells              Type           Power        Failure   Level  Hunger
a - Sting                 Conj/Pois      ####         1%          1    None
b - Mephitic Cloud        Conj/Pois/Air  ###.....     12%         3    ###....
c - Venom Bolt            Conj/Pois      ####......   38%         5    ######.


You were on level 4 of the Dungeon.
You were not hungry.

You visited 1 branch of the dungeon, and saw 4 of its levels.

You collected 241 gold pieces.

.... ... ..# #.# .O#
#.# .# #o# #.# .#
#.# #.# o# #### #o#
#.### o#
....{#@######...# .#
#..#o##.......# .#
#...O....##...####.#
##...............)o#
#.#.#..)###.#######
#...##.## #.#
#.####.# #.# #.# #.#
#.# #.####># #.#

Notes
Turn   | Place    | Note
--------------------------------------------------------------
     0 | D:1      | ololoev the Formicid Venom Mage began the quest for the Orb.
     0 | D:1      | Reached XP level 1. HP: 13/13 MP: 3/3
   427 | D:1      | Reached XP level 2. HP: 19/19 MP: 3/5
   432 | D:1      | Reached skill level 1 in Conjurations
   972 | D:1      | Reached XP level 3. HP: 24/24 MP: 4/6
   977 | D:1      | Learned a level 3 spell: Mephitic Cloud
  1868 | D:2      | Reached XP level 4. HP: 30/30 MP: 4/7
  2424 | D:2      | Noticed a centaur
  2438 | D:2      | Killed a centaur
  2438 | D:2      | Reached skill level 6 in Poison Magic
  2438 | D:2      | Reached XP level 5. HP: 9/35 MP: 1/9
  2784 | D:3      | Reached XP level 6. HP: 41/41 MP: 6/10
  3042 | D:3      | Found a burning altar of Makhleb.
  3044 | D:3      | Found a bloodstained altar of Trog.
  3455 | D:3      | Noticed 4thArraOfDagon's ghost (weakling HOAr)
  3468 | D:3      | Killed 4thArraOfDagon's ghost
  3595 | D:3      | Learned a level 5 spell: Venom Bolt
  3884 | D:4      | Found a shattered altar of Ashenzari.
  4418 | D:4      | Reached XP level 7. HP: 46/46 MP: 9/12
  4425 | D:4      | Noticed an orc warrior
  4507 | D:4      | Killed an orc warrior
  4533 | D:4      | Slain by an orc

Dungeon Overview and Level Annotations

Branches:
Dungeon (4/15)
 Temple: D:4-7

Altars:
Ashenzari
Makhleb
Trog


Message History

The centaur skeleton closely misses you.
The centaur skeleton misses you.
You hit the centaur skeleton but do no damage.
The centaur skeleton hits you!
You hit the centaur skeleton. The centaur skeleton hits you.
You hit the centaur skeleton but do no damage.
The centaur skeleton barely misses you. The centaur skeleton hits you.
You hit the centaur skeleton. The centaur skeleton hits you.
You are too injured to fight recklessly!
You are too injured to fight recklessly!
You are too injured to fight recklessly!
You are too injured to fight recklessly!
You are too injured to fight recklessly!
You are too injured to fight recklessly!
You are too injured to fight recklessly!
You are too injured to fight recklessly!
You are too injured to fight recklessly!
You are too injured to fight recklessly!
Unknown command.
You hit the orc but do no damage. The centaur skeleton hits you.
The orc hits you with a flail.
Drink which item? (? for menu, Esc to quit)
You feel very mighty all of a sudden.
The centaur skeleton hits you but does no damage.
The centaur skeleton hits you.
You barely miss the orc. The orc hits you with a flail.
The centaur skeleton barely misses you.
Unknown command.
You puncture the centaur skeleton! The centaur skeleton hits you.
The orc misses you.
Unknown command.
Read which item? (? for menu, Esc to quit)
Okay, then.
You completely miss the centaur skeleton.
The centaur skeleton hits you. The orc barely misses you.
Unknown command.
You hit the centaur skeleton.
You destroy the centaur skeleton!
The orc hits you with a flail.
You die...

You could see 2 ogres, an orc wizard (invisible) and 2 orcs.

Vanquished Creatures
  An orc warrior (D:4)
  A centaur (D:2)
  A water moccasin skeleton (D:3)
  A centaur skeleton (D:4)
  A giant frog skeleton (D:4)
  The ghost of 4thArraOfDagon the Charlatan, a weakling HOAr (D:3)
  A hound skeleton (D:4)
  11 adders
  2 worms
  4 giant geckos
  3 orcs
  2 ball pythons
  10 bats
  5 giant cockroaches
  6 goblins
  9 hobgoblins
  2 quokkas (D:3)
  5 giant newts
  5 kobolds
  13 rats
84 creatures vanquished.

Action                   |  1- 3 |  4- 6 |  7- 9 || total
-------------------------+-------+-------+-------++-------
Melee: Dagger            |    53 |   142 |    20 ||   215
 Cast: Sting             |    59 |    71 |    11 ||   141
       Mephitic Cloud    |       |     1 |     3 ||     4
 Abil: Dig               |     2 |       |       ||     2
  Use: Scroll            |       |     7 |       ||     7
       Potion            |       |     4 |     1 ||     5
 Stab: Sleeping          |     2 |     5 |       ||     7
  Eat: Chunk             |     4 |     6 |       ||    10
       Bread ration      |       |     1 |       ||     1

Vault maps used:
D:1:      sevenhm_arrival_forest_fort_large_4, minmay_surrounded
D:2:      serial_glass, glass_columns_a, glass_columns_b
D:3:      grunt_temple_overflow_open, kennysheep_generic_room_16
D:4:      grunt_qazlal_clouds, first_bread, ashenzari_altar_1, uniq_robin
